[Event "Chessable Masters - Torneo preliminare"]
[White "Tari, Aryan"]
[Black "Mamedyarov, Shakhriyar"]
[WhiteFideId "1510045"]
[BlackFideId "13401319"]
[WhiteElo "2539"]
[BlackElo "2703"]
[Result "0-1"]
[Round "8"]
[TimeControl "600+2"]
[Date "2023.03.13"]
[WhiteClock "0:00:04"]
[BlackClock "0:02:32"]

1. e4 e5 2. Nf3 Nc6 3. d4 exd4 4. Nxd4 Nf6 5. Nxc6 bxc6 6. Nd2 d5 7. exd5 cxd5 8. Bb5+ Bd7 9. Bxd7+ Qxd7 10. O-O Be7 11. b3 O-O 12. Bb2 a5 13. a4 Rfe8 14. Qf3 Ra6 15. Rad1 Bb4 16. Nc4 Ne4 17. Qd3 Rd8 18. Ne5 Qc8 19. c4 f6 20. Nf3 c6 21. Nd4 Bc5 22. cxd5 cxd5 23. f3 Ng5 24. Kh1 Bxd4 25. Bxd4 Ne6 26. Rfe1 Rc6 27. Qd2 Nxd4 28. Qxd4 Qc7 29. h3 h6 30. Re3 Rc1 31. Rxc1 Qxc1+ 32. Kh2 Qc7+ 33. f4 Kh8 34. Rc3 Qb8 35. Rc5 Qb6 36. Qe3 d4 37. Qe7 d3 38. Rc7 Rg8 39. Rd7 Qxb3 40. Qe4 Qb8 41. Rxd3 Re8 42. Qd4 Qb7 43. Re3 Rc8 44. Qe4 Qb6 45. Rd3 Qc7 46. Rb3 Qc4 47. Qf5 Ra8 48. Ra3 Qb4 49. Ra2 Rd8 50. Qg4 Qe4 51. Qg3 Rd4 52. Rf2 Rxa4 53. f5 Rb4 54. Qg6 Qe5+ 55. g3 Rb2 56. Rxb2 Qxb2+ 57. Kh1 Qe5 58. Qg4 Qe8 59. h4 a4 60. Qb4 Qa8+ 61. Kh2 a3 0-1


[Site "Internet"]

[Event "Chessable Masters - Torneo preliminare"]
[White "Nguyen, Ngoc Truong Son"]
[Black "Sjugirov, Sanan"]
[WhiteFideId "12401110"]
[BlackFideId "4189302"]
[WhiteElo "2585"]
[BlackElo "2543"]
[Result "1/2-1/2"]
[Round "8"]
[TimeControl "600+2"]
[Date "2023.03.13"]
[WhiteClock "0:02:05"]
[BlackClock "0:03:01"]

1. d4 Nf6 2. c4 e6 3. Nc3 Bb4 4. e3 O-O 5. Bd2 d5 6. Nf3 c5 7. a3 Bxc3 8. Bxc3 cxd4 9. Bxd4 Nc6 10. Bc3 Ne4 11. Rc1 dxc4 12. Qxd8 Rxd8 13. Bxc4 Bd7 14. Ke2 Be8 15. Bd4 Nxd4+ 16. Nxd4 Nd6 17. f4 Kf8 18. Bd3 h6 19. Rc7 Rac8 20. Rhc1 Rxc7 21. Rxc7 Rc8 22. Rxc8 Nxc8 23. e4 Ke7 24. Ke3 Nb6 25. b3 f6 26. Nf3 Bh5 27. Nd2 e5 28. fxe5 fxe5 29. Nc4 Nxc4+ 30. Bxc4 Kd6 31. b4 b6 32. g3 Bg4 33. Bb5 a5 34. Bc4 Kc6 35. h4 Bd1 36. Kd2 Bh5 37. Ke3 Kd6 38. Bd3 axb4 39. axb4 Ke7 40. Bc4 Bg4 41. Bb5 Kf6 42. Bc4 g5 43. hxg5+ Kxg5 44. Bd3 Bd1 45. Bc4 Bc2 46. Be6 Ba4 47. Kf3 Bb5 48. Ke3 h5 49. Kf3 h4 50. gxh4+ Kxh4 51. Bf5 Bc4 52. Bd7 Bf7 53. Bb5 Bh5+ 54. Ke3 Kg3 55. Bc4 Bg4 56. Bb5 Be6 57. Bd3 1/2-1/2


[Site "Internet"]

[Event "Chessable Masters - Torneo preliminare"]
[White "Anton Guijarro, David"]
[Black "Makarian, Rudik"]
[WhiteFideId "2285525"]
[BlackFideId "44105681"]
[WhiteElo "2635"]
[BlackElo "2462"]
[Result "1/2-1/2"]
[Round "8"]
[TimeControl "600+2"]
[Date "2023.03.13"]
[WhiteClock "0:01:05"]
[BlackClock "0:00:21"]

1. Nf3 Nf6 2. b3 e6 3. Bb2 Be7 4. g3 b5 5. d3 O-O 6. e4 d5 7. e5 Nfd7 8. c4 dxc4 9. dxc4 Bb7 10. Bg2 bxc4 11. bxc4 Nb6 12. Nbd2 Na6 13. O-O Nc5 14. Bd4 Qc8 15. Qc2 Nbd7 16. Rfe1 Rb8 17. Nb3 Bc6 18. Nxc5 Bxf3 19. Nxd7 Qxd7 20. Bxa7 Bxg2 21. Kxg2 Ra8 22. Be3 Qc6+ 23. Kg1 Ra4 24. c5 h5 25. Qe2 h4 26. Qf1 Rfa8 27. Qg2 Qxg2+ 28. Kxg2 hxg3 29. hxg3 Rxa2 30. Rxa2 Rxa2 31. Rd1 Ra5 32. c6 Bc5 33. Rd7 Bxe3 34. fxe3 Rxe5 35. Rxc7 Rxe3 36. Rd7 Rc3 37. c7 Kh7 38. Rxf7 Kg6 39. Rd7 Kf6 40. Kf2 g5 41. Ke2 Kf5 42. Kd2 Rc6 43. Ke3 Kg4 44. Rg7 e5 45. Ke4 Rc5 46. Ke3 Rc3+ 47. Ke4 Rc5 48. Ke3 Rc3+ 49. Ke4 Rc5 1/2-1/2


[Site "Internet"]

[Event "Chessable Masters - Torneo preliminare"]
[White "Vallejo Pons, Francisco"]
[Black "Shimanov, Aleksandr"]
[WhiteFideId "2205530"]
[BlackFideId "4198603"]
[WhiteElo "2662"]
[BlackElo "2610"]
[Result "1-0"]
[Round "8"]
[TimeControl "600+2"]
[Date "2023.03.13"]
[WhiteClock "0:00:09"]
[BlackClock "0:00:09"]

1. e4 d5 2. exd5 Qxd5 3. Nc3 Qe5+ 4. Nge2 Nf6 5. d4 Qa5 6. Ng3 h5 7. h4 g6 8. Bc4 Bg7 9. Qd3 Nc6 10. O-O Bf5 11. Nxf5 Qxf5 12. Qxf5 gxf5 13. Nb5 O-O-O 14. c3 e6 15. Bf4 Rd7 16. Na3 Ne7 17. g3 Ng6 18. Be3 Nd5 19. Bd2 Nb6 20. Bb3 Bf6 21. Rfe1 c6 22. Rad1 Rhd8 23. Bc1 a5 24. Kf1 Ne7 25. Bc2 Ned5 26. Bd3 Rg8 27. Be2 Rh8 28. Bf3 Be7 29. Nb1 a4 30. b3 Nf6 31. Bb2 Rhd8 32. Na3 Ng4 33. Ke2 Kc7 34. Nc2 axb3 35. axb3 Nd5 36. Ra1 Ndf6 37. Ne3 Bf8 38. Red1 Bh6 39. Nc4 Ne4 40. Bxe4 fxe4 41. Ba3 f5 42. Bc5 Rb8 43. Bb6+ Kc8 44. Ba7 b5 45. Nb6+ Rxb6 46. Bxb6 Rb7 47. Ra8+ Kd7 48. Ra7 Rxa7 49. Bxa7 Nf6 50. c4 bxc4 51. bxc4 Ng4 52. Bc5 Bg7 53. Ra1 Bf6 54. Ra7+ Kd8 55. Rh7 Ke8 56. Rc7 e5 57. dxe5 Nxe5 58. Bd4 Kd8 59. Bxe5 Bxe5 60. Rxc6 Ke7 61. Rh6 Kf7 62. Ra6 Bd4 63. Rc6 Ke7 64. Rh6 Kf7 65. f3 e3 66. Rxh5 Kg6 67. Rg5+ Kf6 68. f4 1-0


[Site "Internet"]

[Event "Chessable Masters - Torneo preliminare"]
[White "Malakhov, Vladimir"]
[Black "Frolyanov, Dmitry"]
[WhiteFideId "4120787"]
[BlackFideId "4151976"]
[WhiteElo "2666"]
[BlackElo "2451"]
[Result "1/2-1/2"]
[Round "8"]
[TimeControl "600+2"]
[Date "2023.03.13"]
[WhiteClock "0:03:27"]
[BlackClock "0:05:51"]

1. e4 e5 2. Nf3 Nf6 3. Nxe5 d6 4. Nf3 Nxe4 5. c4 Be7 6. Nc3 Nxc3 7. dxc3 Nc6 8. Bd3 Ne5 9. Be2 O-O 10. O-O Be6 11. c5 Nxf3+ 12. Bxf3 c6 13. cxd6 Bxd6 14. Be3 Qc7 15. h3 Bf4 16. Qd2 Bh2+ 17. Kh1 Rad8 18. Qc2 Bf4 19. Rfe1 Bxe3 20. Rxe3 Rd7 21. Rd1 Rfd8 22. Rxd7 Qxd7 23. Qa4 a6 24. Qa5 h6 25. Re1 Qc8 26. Rd1 Rxd1+ 27. Bxd1 Qd7 28. Bf3 Qd2 29. Qb6 Qc1+ 30. Kh2 Qf4+ 1/2-1/2


[Site "Internet"]

[Event "Chessable Masters - Torneo preliminare"]
[White "Rasulov, Vugar"]
[Black "Alekseenko, Kirill"]
[WhiteFideId "13402390"]
[BlackFideId "4135539"]
[WhiteElo "2415"]
[BlackElo "2632"]
[Result "1-0"]
[Round "8"]
[TimeControl "600+2"]
[Date "2023.03.13"]
[WhiteClock "0:00:50"]
[BlackClock "0:00:16"]

1. d4 d5 2. c4 dxc4 3. Nf3 a6 4. a4 Nf6 5. e3 Bg4 6. Bxc4 e6 7. h3 Bh5 8. Nc3 Nc6 9. O-O Bd6 10. Be2 O-O 11. b3 Nd5 12. Bb2 f5 13. Nxd5 exd5 14. Ne5 Bxe2 15. Qxe2 Bxe5 16. dxe5 Qd7 17. Rfd1 Qe6 18. Rac1 Rf7 19. f4 Rd7 20. g4 Rf8 21. Kh2 fxg4 22. Qxg4 Rf5 23. Rd2 Rdf7 24. Rcd1 h5 25. Qg2 Ne7 26. Ba3 c6 27. Bxe7 Rxe7 28. Rd4 Kh8 29. b4 g5 30. Rg1 Qf7 31. Qg3 Re8 32. h4 gxf4 33. exf4 Rg8 34. Qxg8+ Qxg8 35. Rxg8+ Kxg8 36. Kg3 Kf7 37. Kf3 Ke6 38. Rd2 a5 39. bxa5 Rf8 40. Rg2 Ra8 41. Rg6+ Kf7 42. f5 Rxa5 43. e6+ Kf8 44. f6 d4 45. Ke4 d3 46. Rh6 Kg8 47. f7+ Kg7 48. Rg6+ Kxg6 49. f8=Q 1-0


[Site "Internet"]

[Event "Chessable Masters - Torneo preliminare"]
[White "Smirnov, Pavel"]
[Black "Christiansen, Johan-Sebastian"]
[WhiteFideId "4123425"]
[BlackFideId "1512668"]
[WhiteElo "2470"]
[BlackElo "2481"]
[Result "1-0"]
[Round "8"]
[TimeControl "600+2"]
[Date "2023.03.13"]
[WhiteClock "0:00:33"]
[BlackClock "0:00:27"]

1. d4 Nf6 2. c4 c5 3. d5 b5 4. cxb5 a6 5. e3 e6 6. Nc3 exd5 7. Nxd5 Be7 8. Nf3 O-O 9. Nxe7+ Qxe7 10. Be2 axb5 11. Bxb5 d5 12. Be2 Bf5 13. O-O Nc6 14. b3 Nb4 15. Bb2 Rxa2 16. Rxa2 Nxa2 17. Ne5 Nb4 18. Qa1 Qb7 19. Qc1 Rc8 20. Bf3 Be4 21. Bxe4 Nxe4 22. Qd1 f6 23. Ng4 c4 24. bxc4 dxc4 25. f3 Nd3 26. fxe4 Nxb2 27. Qd4 c3 28. e5 c2 29. Rc1 h5 30. Nf2 fxe5 31. Qxe5 Qb3 32. Qf5 Qc3 33. h3 Qc5 34. Qe4 Kh8 35. Kh1 Qc4 36. Qg6 Qc5 37. Qe4 Qc6 38. Qf5 g6 39. Qe5+ Kg8 40. Qxb2 Qc5 41. Qd4 Qf5 42. Kg1 Re8 43. e4 Qf4 44. Rxc2 Rf8 45. Rc6 Kh7 46. Rd6 Rf7 47. Rd7 Qc1+ 48. Nd1 Rxd7 49. Qxd7+ Kh6 50. Qd4 Kh7 51. e5 Qc6 52. Ne3 Qc1+ 53. Kh2 Qc7 54. Qf4 Qb8 55. Nd5 Qc8 56. Qf7+ Kh6 57. Qxg6+ Kxg6 58. Ne7+ Kg5 59. Nxc8 Kf5 60. Kg3 Kg5 61. e6 Kf6 62. Kh4 Kxe6 63. Kxh5 Kf7 64. Kg5 Kg7 65. h4 Kh7 66. h5 Kh8 67. h6 Kh7 68. Kh5 Kh8 69. Kg6 Kg8 70. Nd6 Kh8 71. Nf7+ Kg8 72. h7+ Kf8 73. h8=Q+ Ke7 74. Qd8+ Ke6 75. Qd6# 1-0


[Site "Internet"]

[Event "Chessable Masters - Torneo preliminare"]
[White "Volkov, Sergey"]
[Black "Kamsky, Gata"]
[WhiteFideId "4122763"]
[BlackFideId "2000024"]
[WhiteElo "2496"]
[BlackElo "2630"]
[Result "1/2-1/2"]
[Round "8"]
[TimeControl "600+2"]
[Date "2023.03.13"]
[WhiteClock "0:01:23"]
[BlackClock "0:01:10"]

1. d4 Nf6 2. c4 c6 3. Bf4 d5 4. e3 e6 5. Nc3 Bd6 6. Bg3 O-O 7. Nf3 b6 8. Rc1 Bb7 9. a3 Bxg3 10. hxg3 Nbd7 11. cxd5 cxd5 12. Ne5 Nxe5 13. dxe5 Ne4 14. Bd3 f5 15. Ne2 Qb8 16. f4 Qe8 17. g4 fxg4 18. Nd4 Rc8 19. Rxc8 Qxc8 20. Bc2 Ba6 21. Qxg4 Bd3 22. Nxe6 g6 23. Rxh7 Kxh7 24. Nxf8+ Qxf8 25. Bxd3 Qc5 26. Ke2 Qc1 27. Qd7+ Kh6 28. Qxd5 Qxb2+ 29. Kf3 Qf2+ 30. Kxe4 Qxg2+ 31. Kd4 Qb2+ 32. Ke4 Qg2+ 33. Kd4 Qb2+ 34. Ke4 Qg2+ 1/2-1/2


[Site "Internet"]

[Event "Chessable Masters - Torneo preliminare"]
[White "Paravyan, David"]
[Black "Cardoso Cardoso, Jose Gabriel"]
[WhiteFideId "4194985"]
[BlackFideId "4430492"]
[WhiteElo "2598"]
[BlackElo "2425"]
[Result "1-0"]
[Round "8"]
[TimeControl "600+2"]
[Date "2023.03.13"]
[WhiteClock "0:02:40"]
[BlackClock "0:02:46"]

1. e4 c5 2. Nf3 d6 3. d4 cxd4 4. Nxd4 Nf6 5. Nc3 a6 6. h3 e6 7. g4 h6 8. Qe2 g5 9. Bg2 Nbd7 10. Be3 Ne5 11. f4 gxf4 12. Bxf4 Nfd7 13. O-O-O b5 14. a3 Bb7 15. Rhf1 Rc8 16. Qe1 Be7 17. Kb1 Qc7 18. Qf2 Rh7 19. Bc1 Nc4 20. Na2 Nde5 21. b3 Nb6 22. Bb2 Nbd7 23. Qe2 Qb6 24. Rh1 Rg7 25. Nf3 Rg6 26. Rhf1 a5 27. Bd4 Qc7 28. Nc3 b4 29. Nb5 Qc6 30. Na7 Ba6 31. Qf2 Qc7 32. Nxe5 Rf6 33. Nf3 Bxf1 34. Nxc8 Bxg2 35. Bxf6 Bxf6 36. Nxd6+ Kf8 37. Qxg2 Qc3 38. e5 bxa3 39. Nc4 Nxe5 40. Nfxe5 Bxe5 41. Ka2 a4 42. Qd2 axb3+ 43. cxb3 1-0


[Site "Internet"]

[Event "Chessable Masters - Torneo preliminare"]
[White "Vaibhav, Suri"]
[Black "Antipov, Mikhail Al."]
[WhiteFideId "5045185"]
[BlackFideId "4107012"]
[WhiteElo "2543"]
[BlackElo "2593"]
[Result "0-1"]
[Round "8"]
[TimeControl "600+2"]
[Date "2023.03.13"]
[WhiteClock "0:00:06"]
[BlackClock "0:00:12"]

1. e4 e5 2. Nf3 Nc6 3. Bc4 Bc5 4. c3 Nf6 5. d3 a6 6. Bg5 h6 7. Bh4 Ba7 8. Nbd2 d6 9. O-O Qe7 10. a4 a5 11. Re1 O-O 12. Bb5 g5 13. Bg3 Bg4 14. h3 Bh5 15. Nc4 Nd8 16. Ne3 Bxe3 17. Rxe3 Ne6 18. d4 Nf4 19. Qc2 Bg6 20. Rd1 c6 21. Bf1 Rad8 22. Ree1 N6h5 23. Bh2 f6 24. Nd2 d5 25. Qb3 Kh7 26. exd5 cxd5 27. dxe5 fxe5 28. Qb6 Rd6 29. Qxa5 Rdf6 30. Qb4 Qc7 31. Nb3 R8f7 32. a5 Ng7 33. Qc5 Rc6 34. Qb4 Nge6 35. g3 Bh5 36. Rd2 Bf3 37. Qb5 Qc8 38. Rxe5 Nc7 39. Nd4 Nxb5 40. Nxf3 Nxh3+ 41. Kg2 Rcf6 42. Bd3+ Kg7 43. Bxb5 Rxf3 44. Ree2 Qg4 45. Kf1 Nxf2 46. Rxf2 Qh3+ 0-1


[Site "Internet"]

[Event "Chessable Masters - Torneo preliminare"]
[White "Bok, Benjamin"]
[Black "Petrov, Nikita"]
[WhiteFideId "1017063"]
[BlackFideId "4101286"]
[WhiteElo "2608"]
[BlackElo "2514"]
[Result "1/2-1/2"]
[Round "8"]
[TimeControl "600+2"]
[Date "2023.03.13"]
[WhiteClock "0:00:07"]
[BlackClock "0:02:48"]

1. d4 Nf6 2. c4 e6 3. Nc3 Bb4 4. Qc2 d5 5. a3 Bxc3+ 6. Qxc3 h6 7. Nf3 dxc4 8. Qxc4 b6 9. Bf4 Ba6 10. Qxc7 Qxc7 11. Bxc7 Nc6 12. e3 Bxf1 13. Rxf1 Rc8 14. Bg3 Na5 15. b4 Nb3 16. Rb1 Rc3 17. d5 Nc1 18. dxe6 fxe6 19. Be5 Nd3+ 20. Ke2 Nxe5 21. Nxe5 O-O 22. Rfc1 Rxa3 23. Ra1 Rb3 24. Rxa7 Nd5 25. Rc2 Nc3+ 26. Kd3 Nd5+ 27. Ke2 Nc3+ 28. Kd3 Nd5+ 29. Ke2 1/2-1/2


[Site "Internet"]

[Event "Chessable Masters - Torneo preliminare"]
[White "Narayanan, Srinath"]
[Black "Harikrishna, Pentala"]
[WhiteFideId "5018420"]
[BlackFideId "5007003"]
[WhiteElo "2482"]
[BlackElo "2627"]
[Result "0-1"]
[Round "8"]
[TimeControl "600+2"]
[Date "2023.03.13"]
[WhiteClock "0:02:26"]
[BlackClock "0:02:01"]

1. Nf3 c5 2. c4 Nc6 3. Nc3 Nf6 4. g3 g6 5. Bg2 d6 6. d4 cxd4 7. Nxd4 Bd7 8. O-O Bg7 9. Nc2 Qc8 10. Nd5 Bh3 11. Bg5 Bxg2 12. Kxg2 Ne4 13. Bc1 e6 14. Nde3 O-O 15. f3 Nc5 16. Qxd6 b6 17. Rb1 Rd8 18. Qf4 Qa6 19. a3 Nb3 20. Ng4 f5 21. Nge3 Ncd4 22. Nxd4 Rxd4 23. Qc7 Qc8 24. Qe7 Qc6 25. Qb4 Nxc1 26. Rbxc1 Bh6 27. Qc3 Bg7 28. Qb3 Rd2 29. Rc2 Rad8 30. Rxd2 Rxd2 31. Rd1 Rxe2+ 32. Kh3 Qxf3 33. Rd8+ Bf8 0-1


[Site "Internet"]

[Event "Chessable Masters - Torneo preliminare"]
[White "Chirila, Ioan-Cristian"]
[Black "Makhnev, Denis"]
[WhiteFideId "1211668"]
[BlackFideId "13707647"]
[WhiteElo "2508"]
[BlackElo "2505"]
[Result "1-0"]
[Round "8"]
[TimeControl "600+2"]
[Date "2023.03.13"]
[WhiteClock "0:00:26"]
[BlackClock "0:00:07"]

1. d4 Nf6 2. c4 e6 3. Nf3 d5 4. Nc3 c6 5. Qd3 Nbd7 6. Bg5 h6 7. Bh4 Bb4 8. a3 Qa5 9. Rc1 Bxc3+ 10. Qxc3 Qxc3+ 11. Rxc3 Ne4 12. Rc1 g5 13. Bg3 f6 14. Nd2 Nxg3 15. hxg3 Ke7 16. e4 dxc4 17. Nxc4 b6 18. d5 Nc5 19. dxc6 Nxe4 20. Ne3 Nd6 21. b4 b5 22. Bd3 a5 23. Ke2 axb4 24. axb4 Ra2+ 25. Rc2 Ra4 26. g4 Ba6 27. Rb2 Rc8 28. Rc1 Nc4 29. Bxc4 Rxc6 30. Rbb1 bxc4 31. b5 Bxb5 32. Rxb5 c3 33. Rc2 Kd6 34. Rb3 h5 35. gxh5 Rh4 36. g4 f5 37. gxf5 Rxh5 38. Rbxc3 Rxc3 39. Rxc3 exf5 40. Nxf5+ Ke5 41. Ng3 Rh8 42. Rc5+ Kf4 43. Rc4+ Ke5 44. Kf3 Rf8+ 45. Kg2 1-0


[Site "Internet"]

[Event "Chessable Masters - Torneo preliminare"]
[White "Aditya, Mittal"]
[Black "Kevlishvili, Robby"]
[WhiteFideId "35042025"]
[BlackFideId "1040634"]
[WhiteElo "2386"]
[BlackElo "2577"]
[Result "1-0"]
[Round "8"]
[TimeControl "600+2"]
[Date "2023.03.13"]
[WhiteClock "0:00:07"]
[BlackClock "0:00:22"]

1. d4 d5 2. c4 c6 3. Nf3 Nf6 4. Nc3 e6 5. Bg5 h6 6. Bh4 dxc4 7. e4 g5 8. Bg3 b5 9. Be2 Bb7 10. h4 g4 11. Ne5 Nbd7 12. Nxd7 Qxd7 13. Be5 Be7 14. Qc1 Rg8 15. Qxh6 Rg6 16. Qh8+ Rg8 17. Qh6 Rg6 18. Qe3 Nh5 19. b3 cxb3 20. axb3 a6 21. Rd1 f6 22. Bh2 Kf7 23. O-O Rh8 24. d5 cxd5 25. exd5 exd5 26. Bd3 f5 27. Be5 Re8 28. Qd4 Bd8 29. Ne2 Bb6 30. Qb2 d4 31. Nxd4 Qd5 32. Nf3 gxf3 33. Bc4 Rxg2+ 34. Kh1 bxc4 35. Rxd5 Bxd5 36. bxc4 Bxc4 37. Rc1 Bb5 38. Qb3+ Kg6 39. Qxf3 Rg4 40. Rc6+ Bxc6 41. Qxc6+ Kf7 42. Qd7+ Re7 43. Qxf5+ Ke8 44. Qxg4 Rxe5 45. Qg6+ Ke7 46. Qxb6 Nf6 47. Qxa6 Re4 48. Qb7+ Ke6 49. Qc8+ Kf7 50. Qh3 Kg6 51. f3 Rd4 52. Qg2+ Kf7 53. Qg5 Rd5 54. Qf4 Kg6 55. Kg2 Rf5 56. Qg3+ Kf7 57. Qc7+ Kg6 58. Qd6 Kf7 59. Kg3 Rd5 60. Qc7+ Kg6 61. Qc6 Rf5 62. Qe6 Rh5 63. f4 Rf5 64. Qa6 Rh5 65. Qd3+ Rf5 66. Qc2 Nh5+ 67. Kg4 Nf6+ 68. Kf3 Nh5 69. Qc6+ Nf6 70. Qe6 Rh5 71. Qe1 Rf5 72. Qg3+ Kf7 73. Qg2 Rh5 74. Kg3 Rf5 75. Qe2 Rh5 76. Qd3 Rd5 77. Qb3 Kg6 78. Qc2+ Kf7 79. f5 Kg7 80. Qc7+ Rd7 81. Qe5 Rd5 82. Qe7+ 1-0


[Site "Internet"]

[Event "Chessable Masters - Torneo preliminare"]
[White "Darini, Pouria"]
[Black "Vetoshko, Volodymyr"]
[WhiteFideId "12502200"]
[BlackFideId "14122480"]
[WhiteElo "2573"]
[BlackElo "2457"]
[Result "1-0"]
[Round "8"]
[TimeControl "600+2"]
[Date "2023.03.13"]
[WhiteClock "0:00:12"]
[BlackClock "0:00:02"]

1. e4 c5 2. Nf3 e6 3. d4 cxd4 4. Nxd4 a6 5. Be2 Nf6 6. Nc3 d6 7. O-O Be7 8. a4 O-O 9. a5 Nc6 10. Nb3 e5 11. Bg5 Be6 12. Bxf6 Bxf6 13. Nd5 Bg5 14. c3 Rc8 15. g3 Ne7 16. Nb6 Rc7 17. Bf3 g6 18. Re1 h5 19. Nc1 Kg7 20. Nd3 f5 21. Nb4 h4 22. Qd3 hxg3 23. hxg3 d5 24. exd5 e4 25. Qd4+ Bf6 26. Qd1 Nxd5 27. N4xd5 Bxd5 28. Qxd5 exf3 29. Qxf3 Qd2 30. Re2 Qh6 31. Nd5 Rd7 32. Nxf6 Rxf6 33. Rae1 Rff7 34. c4 Qg5 35. Re6 Qd2 36. b3 Qxa5 37. Qe3 f4 38. gxf4 Qf5 39. Qg3 Rd4 40. R1e5 Qb1+ 41. Kg2 Rdxf4 42. Re2 Qf5 43. R6e5 Qg4 44. Rg5 Qxe2 45. Rxg6+ Kf8 46. Rg8+ Ke7 47. Qg5+ Kd6 48. Qd5+ Kc7 49. Qc5+ Kd7 50. Qc8+ Kd6 51. Rd8+ Rd7 52. Rxd7+ 1-0


[Site "Internet"]

[Event "Chessable Masters - Torneo preliminare"]
[White "Svane, Rasmus"]
[Black "Pap, Gyula"]
[WhiteFideId "4657101"]
[BlackFideId "725323"]
[WhiteElo "2621"]
[BlackElo "2563"]
[Result "1-0"]
[Round "8"]
[TimeControl "600+2"]
[Date "2023.03.13"]
[WhiteClock "0:00:18"]
[BlackClock "0:00:02"]

1. d4 d5 2. c4 e6 3. Nf3 Nf6 4. Nc3 Nbd7 5. Qc2 Bb4 6. cxd5 exd5 7. Bf4 Ne4 8. Rc1 O-O 9. a3 Bxc3+ 10. bxc3 c5 11. Nd2 Qf6 12. Be3 Nxd2 13. Qxd2 Nb6 14. dxc5 Nc4 15. Bd4 Nxd2 16. Bxf6 Nxf1 17. Bd4 Nxh2 18. Rxh2 Bd7 19. Rb1 Bc6 20. Kd2 Rfe8 21. g4 h6 22. Rg1 f6 23. f4 Kf7 24. g5 Rh8 25. gxf6 gxf6 26. f5 Raf8 27. Rg6 Ke7 28. Rh3 Rh7 29. Re3+ Kd7 30. Bxf6 Kc8 31. Re5 Rhf7 32. Re6 Bd7 33. Rd6 h5 34. Rh6 Bxf5 35. Bd4 Bd7 36. Rxd5 Bc6 37. Rdxh5 Re8 38. Rh8 Re7 39. Rxe8+ Rxe8 40. Be5 Kd8 41. Kd3 Bb5+ 42. c4 Bc6 43. Kd4 Ke7 44. e4 Rg8 45. Rh7+ Ke6 46. Rh6+ Kd7 47. Rh7+ Ke6 48. Bd6 Rg4 49. Re7+ Kf6 50. Ke3 Rg8 51. e5+ Kg6 52. Kd4 Rh8 53. Rc7 Rh4+ 54. Kc3 Rh3+ 55. Kb4 a5+ 56. Kxa5 Rxa3+ 57. Kb4 Re3 58. Rc8 Kf7 59. Ka5 Rb3 60. Rc7+ Ke6 61. Re7+ Kf5 62. Rf7+ Kg6 63. Rf6+ Kg7 64. Rf4 Bd7 65. Bf8+ Kg8 66. Bd6 Be6 67. Ka4 Rb1 68. Ka5 Rb3 69. Rf6 Bxc4 70. e6 Re3 71. e7 Bf7 72. Kb6 Rb3+ 73. Kc7 Kg7 74. Rf2 Bg6 75. Rg2 Re3 76. Kxb7 Kf7 77. Kc7 Rb3 78. Rxg6 1-0


[Site "Internet"]

[Event "Chessable Masters - Torneo preliminare"]
[White "Bortnyk, Olexandr"]
[Black "Steinberg, Nitzan"]
[WhiteFideId "14120828"]
[BlackFideId "2801795"]
[WhiteElo "2643"]
[BlackElo "2500"]
[Result "1-0"]
[Round "8"]
[TimeControl "600+2"]
[Date "2023.03.13"]
[WhiteClock "0:00:59"]
[BlackClock "0:02:06"]

1. d4 d5 2. Nc3 Nf6 3. Bf4 e6 4. Nb5 Na6 5. e3 c6 6. Nc3 Bb4 7. Bxa6 bxa6 8. Ne2 O-O 9. O-O a5 10. Na4 Ba6 11. c3 Be7 12. Re1 Nd7 13. Bg3 c5 14. Nf4 c4 15. b3 Rc8 16. bxc4 Rxc4 17. Rc1 Qc8 18. Qb3 Nf6 19. Bh4 Qd7 20. Bxf6 gxf6 21. Nb2 Rc7 22. e4 Rb7 23. Qc2 Ba3 24. Nh5 Qd8 25. Qd2 Kh8 26. Qh6 Rg8 27. Nxf6 Rg7 28. Na4 Bxc1 29. Rxc1 Qf8 30. Kh1 dxe4 31. Nxh7 Qg8 32. Nf6+ Rh7 33. Nxg8 Rxh6 34. Nxh6 Kg7 35. Nc5 Rb2 36. Nxf7 Rxf2 37. Nxa6 Kxf7 38. a4 e5 39. Nc5 exd4 40. cxd4 e3 41. Kg1 Rd2 42. Re1 Rxd4 43. Rxe3 Rc4 44. Re5 Kf6 45. Nd7+ 1-0


[Site "Internet"]

[Event "Chessable Masters - Torneo preliminare"]
[White "Ju, Wenjun"]
[Black "Grischuk, Alexander"]
[WhiteFideId "8603006"]
[BlackFideId "4126025"]
[WhiteElo "2598"]
[BlackElo "2731"]
[Result "0-1"]
[Round "8"]
[TimeControl "600+2"]
[Date "2023.03.13"]
[WhiteClock "0:00:15"]
[BlackClock "0:00:09"]

1. d4 g6 2. Nf3 Bg7 3. g3 c5 4. c3 Qa5 5. Nbd2 cxd4 6. Nb3 Qb6 7. cxd4 Nf6 8. Bg2 O-O 9. O-O d6 10. Re1 a5 11. e4 a4 12. Nbd2 Nc6 13. Nc4 Qb5 14. Na3 Qh5 15. d5 Nb4 16. Nd4 Qxd1 17. Rxd1 Nd7 18. Bg5 Re8 19. Nab5 Na6 20. Rac1 Ndc5 21. f3 Bd7 22. Bf1 h6 23. Be3 Rec8 24. a3 Nb3 25. Nxb3 axb3 26. Nd4 Nc5 27. Rd2 Kh7 28. Rc4 Ra4 29. Rxa4 Nxa4 30. Rd3 Nxb2 31. Rxb3 Na4 32. Rxb7 Rc3 33. Rxd7 Rxe3 34. Nb5 Bf6 35. Kf2 Rb3 36. Nc7 Nc5 37. Rd8 Rxa3 38. Nb5 Ra2+ 39. Be2 g5 40. Ke3 Rb2 41. h3 Kg7 42. Ra8 h5 43. Ra3 Rb4 44. Ra2 g4 45. hxg4 hxg4 46. fxg4 Rxe4+ 47. Kf2 Rb4 48. Nc7 Be5 49. Ra3 Ne4+ 50. Kg2 Rb2 51. Kf3 Ng5+ 52. Kf2 Bd4+ 53. Ke1 Ne4 54. Nb5 Bf2+ 55. Kd1 Rd2+ 56. Kc1 Rxe2 0-1


[Site "Internet"]

[Event "Chessable Masters - Torneo preliminare"]
[White "Lobanov, Sergei"]
[Black "Esipenko, Andrey"]
[WhiteFideId "24183750"]
[BlackFideId "24175439"]
[WhiteElo "2436"]
[BlackElo "2682"]
[Result "1-0"]
[Round "8"]
[TimeControl "600+2"]
[Date "2023.03.13"]
[WhiteClock "0:00:13"]
[BlackClock "0:00:14"]

1. d4 Nf6 2. c4 e6 3. Nc3 Bb4 4. e3 O-O 5. Bd3 d5 6. a3 dxc4 7. Bxc4 Be7 8. Nf3 c5 9. O-O a6 10. dxc5 Bxc5 11. Qe2 b5 12. Bd3 Bb7 13. b4 Bd6 14. Bb2 Nbd7 15. Rad1 Qb8 16. h3 Rc8 17. Bb1 Ne5 18. Nxe5 Bxe5 19. Rc1 Bc6 20. f4 Bd6 21. Rfd1 Be7 22. Qf2 a5 23. Na2 Nd5 24. bxa5 Rxa5 25. Nb4 Nxb4 26. axb4 Bxb4 27. Bxg7 Kxg7 28. Qb2+ Kg8 29. Qxb4 Qb6 30. Kh2 Raa8 31. Qe7 Be8 32. Qg5+ Kf8 33. Qh6+ Ke7 34. Qh4+ Kf8 35. Qh6+ Ke7 36. f5 Qb8+ 37. Kh1 Qe5 38. fxe6 Qxe6 39. Qh4+ Kf8 40. Qxh7 Qf6 41. Qe4 Rxc1 42. Rxc1 Rd8 43. Bd3 Qe7 44. Qh7 Qxe3 45. Qh8+ Ke7 46. Qh4+ Kf8 47. Qh8+ Ke7 48. Qh4+ Kf8 49. Re1 Qd4 50. Qh6+ Qg7 51. Qe3 Qd4 52. Qh6+ Qg7 53. Qe3 Qf6 54. Bxb5 Bxb5 55. Qc5+ Kg7 56. Qxb5 Rd2 57. Qh5 Qg6 58. Qf3 Qf6 59. Qg3+ Qg6 60. Qc3+ 1-0


[Site "Internet"]

[Event "Chessable Masters - Torneo preliminare"]
[White "Drozdowski, Kacper"]
[Black "Vasquez Schroeder, Rodrigo"]
[WhiteFideId "1136720"]
[BlackFideId "3400042"]
[WhiteElo "2472"]
[BlackElo "2589"]
[Result "1-0"]
[Round "8"]
[TimeControl "600+2"]
[Date "2023.03.13"]
[WhiteClock "0:01:49"]
[BlackClock "0:04:11"]

1. e4 c5 2. Nf3 d6 3. d4 cxd4 4. Nxd4 Nf6 5. f3 e6 6. c4 Be7 7. Nc3 O-O 8. Be3 Nc6 9. Rc1 d5 10. cxd5 exd5 11. exd5 Nxd5 12. Nxd5 Qxd5 13. Nxc6 bxc6 14. Qxd5 cxd5 15. Bd3 Bf6 16. b3 a5 17. Kf2 Be6 18. Rhd1 a4 19. Bc5 axb3 20. axb3 Rfb8 21. b4 Ra3 22. b5 Ra2+ 23. Kf1 Be5 24. b6 Bxh2 25. Ra1 Rb2 26. Rdb1 Rxb1+ 27. Rxb1 Bc8 28. Re1 Be6 29. Ra1 g6 30. Ra7 Bc8 31. Kf2 Be5 32. Re7 f6 33. g3 g5 34. Bxh7+ Kh8 35. Bd3 Bb7 36. Bb5 Rc8 37. Be3 Rc2+ 38. Kf1 Rb2 39. Rxb7 Rxb5 40. f4 gxf4 41. gxf4 d4 42. fxe5 dxe3 43. exf6 Kg8 44. Rb8+ Kf7 45. b7 Rb2 46. Ke1 e2 47. Rh8 1-0


[Site "Internet"]